 Dungeon Crawl Stone Soup version 0.24.0-13-gcf9b3192b9 (console) character file.

Game seed: 17170848990006444527, levelgen mode: deterministic

12532 AlterAsc the Grappler (level 11, -1/58 HPs)
             Began as a Vine Stalker Transmuter on Nov 9, 2019.
             Was an Elder of Sif Muna.
             Slain by a wolf spider (2 damage)
             ... on level 3 of the Lair of Beasts.
             The game lasted 00:37:47 (9995 turns).

AlterAsc the Grappler (Vine Stalker Transmuter)     Turns: 9995, Time: 00:37:47

Health: -1/58      AC: 11    Str: 17    XL:     11   Next: 94%
Magic:  0/31       EV: 13    Int: 13    God:    Sif Muna [****..]
Gold:   1474       SH:  0    Dex: 14    Spells: 10/24 levels left

rFire    + . .     SeeInvis +     - Unarmed
rCold    . . .     Gourm    +   (no shield)
rNeg     . . .     Faith    .   t - +2 leather armour {rF+}
rPois    .         Spirit   +   c - +1 helmet
rElec    .         Reflect  .   N - +2 cloak
rCorr    .         Harm     .   (no gloves)
MR       +....                  G - +0 pair of boots
Stlth    +.........             e - amulet of the gourmand
HPRegen  0.59/turn              H - ring of see invisible
MPRegen  0.22/turn              r - ring of magical power

@: lethally poisoned (-1 -> -108)
A: fangs 3, regeneration 1, magic shield, antimagic bite, no potion heal 3, rot
immunity
a: Channel Magic, Forget Spell, Divine Exegesis, Renounce Religion


You were on level 3 of the Lair of Beasts.
You worshipped Sif Muna.
Sif Muna was greatly pleased with you.
You were very full.

You visited 2 branches of the dungeon, and saw 14 of its levels.
You also visited: Bailey.

You collected 1474 gold pieces.

Inventory:

Hand Weapons
 V - the +4 hunting sling "Wid Raof" {venom, +Blink rElec Int-4, unknown}
   (You found it on level 2 of the Lair of Beasts)

   It poisons the ammo it fires.
   It affects your intelligence (-4).
   It insulates you from electricity.
   It lets you blink.
Missiles
 a - 212 arrows
 j - 9 poisoned darts (quivered)
Armour
 b - a +0 robe
 c - a +1 helmet (worn)
 g - a +0 ring mail
 t - a +2 leather armour of fire resistance (worn)
 F - a +2 leather armour of poison resistance
 G - a +0 pair of boots (worn)
 N - a +2 cloak (worn)
 O - a +0 troll leather armour
Jewellery
 e - an amulet of the gourmand (around neck)
 m - an uncursed ring of stealth
 r - a ring of magical power (right hand)
 w - an uncursed amulet of magic regeneration
 z - an uncursed amulet of the acrobat
 A - an uncursed ring of wizardry {unknown}
 E - an uncursed amulet of faith {unknown}
 H - a ring of see invisible (left hand)
 P - an uncursed ring of flight {unknown}
Wands
 u - a wand of iceblast (3)
 K - a wand of flame (16)
 L - a wand of random effects (13)
 M - a wand of polymorph (9)
 Q - a wand of enslavement (10)
Scrolls
 f - 6 scrolls of remove curse
 h - 5 scrolls of noise
 k - 4 scrolls of teleportation
 l - 4 scrolls of amnesia
 s - 2 scrolls of enchant weapon
 y - 2 scrolls of fog
 B - 3 scrolls of fear
 D - a scroll of random uselessness {unknown}
 I - a scroll of magic mapping {unknown}
 J - 2 scrolls of identify
 S - a scroll of summoning {unknown}
 U - a scroll of enchant armour
Potions
 i - 5 potions of curing {unknown}
 n - a potion of agility {unknown}
 o - a potion of degeneration {unknown}
 p - 2 potions of might {unknown}
 q - 4 potions of mutation {unknown}
 v - 4 potions of flight {unknown}
 x - 2 potions of magic {unknown}
 C - 2 potions of invisibility {unknown}
 T - a potion of ambrosia {unknown}
Miscellaneous
 R - a crystal ball of energy
Comestibles
 d - 25 rations


   Skills:
 + Level 7.4 Fighting
 + Level 3.1 Armour
 + Level 3.0 Dodging
 * Level 11.7 Unarmed Combat
 - Level 7.0 Spellcasting
 - Level 9.0 Transmutations
 + Level 2.4 Evocations


You had 10 spell levels left.
You knew the following spells:

 Your Spells              Type           Power        Failure   Level  Hunger
a - Beastly Appendage     Tmut           ####..       1%          1    None
b - Sticks to Snakes      Tmut           ####....     1%          2    #......
c - Blade Hands           Tmut           ####......   12%         5    ######.
d - Blink                 Tloc           N/A          26%         2    #......
e - Ice Form              Ice/Tmut       ###.....     28%         4    ####...

Your spell library contained the following spells:

 Spells                   Type           Power        Failure   Level  Hunger
 Spider Form              Tmut/Pois      ###.......   9%          3    ##.....
 Animate Skeleton         Necr           N/A          19%         1    None
 Apportation              Tloc           #.....       19%         1    None
 Confusing Touch          Hex            #.....       19%         1    None
 Corona                   Hex            #......      19%         1    None
 Magic Dart               Conj           #...         19%         1    None
 Summon Small Mammal      Summ           #...         19%         1    None
 Call Imp                 Summ           #.......     26%         2    #......
 Ensorcelled Hibernation  Hex/Ice        #.....       26%         2    #......
 Slow                     Hex            #.......     26%         2    #......
 Petrify                  Tmut/Erth      ###.....     28%         4    ####...
 Call Canine Familiar     Summ           #.......     47%         3    ##.....
 Confuse                  Hex            #.......     47%         3    ##.....
 Conjure Flame            Conj/Fire      #.......     47%         3    ##.....
 Dazzling Spray           Conj/Hex       #.....       47%         3    ##.....
 Gell's Gravitas          Tloc           #.........   47%         3    ##.....
 Mephitic Cloud           Conj/Pois/Air  #.......     47%         3    ##.....
 Summon Guardian Golem    Hex/Summ       #.......     47%         3    ##.....
 Tukima's Dance           Hex            #.......     47%         3    ##.....
 Yara's Violent Unravell  Hex/Tmut       ###.......   61%         5    ######.
 Summon Ice Beast         Ice/Summ       #.......     87%         4    ####...
 Summon Lightning Spire   Summ/Air       #.......     87%         4    ####...
 Metabolic Englaciation   Hex/Ice        #.........   99%         5    ######.


Dungeon Overview and Level Annotations

Branches:
Dungeon (11/15)            Temple (0/1) D:6            Lair (3/6) D:9
    Orc (0/2) D:9          Bailey (visited)
  Swamp: Lair:2-4    Shoals: Lair:2-4     Snake: Lair:2-4    Spider: Lair:2-4

Altars:
Gozag
Hepliaklqana
Qazlal
Sif Muna
Trog
Vehumet
Xom
Yredelemnul
The Shining One

Shops:
D:4 %([?   D:5 *   D:9 (

Portals:
Gauntlet: D:11

Annotations:
D:5 3 runed translucent doors, Froggeryz's ghost, novice GrMo
D:6 1 runed translucent door, Peloso's ghost, novice MiFi
D:9 exclusion: two-headed ogre
D:11 Urug
Lair:1 exclusion: hydra
Lair:2 exclusions: oklob plant and 1 more exclusion


Innate Abilities, Weirdness & Mutations

You have razor-sharp teeth.
Your natural rate of healing is unusually fast.
When hurt, damage is shared between your health and your magic reserves.
Your bite disrupts and absorbs the magic of your enemies.
Potions cannot restore your health.
You are immune to rotting.


Message History

You feel sick.
You feel sick. The wolf spider hits you! The wolf spider bites you!
* * * LOW HITPOINT WARNING * * *
You are lethally poisoned!
The wolf spider poisons you!
* * * LOW HITPOINT WARNING * * *
You feel very sick. The wolf spider completely misses you.
The wolf spider bites you.
* * * LOW HITPOINT WARNING * * *
You are more poisoned.
The wolf spider poisons you!
* * * LOW HITPOINT WARNING * * *
You feel extremely sick.
The jumping spider leaps!
The wolf spider hits you.
* * * LOW HITPOINT WARNING * * *
The wolf spider bites you.
* * * LOW HITPOINT WARNING * * *
You are more poisoned.
The wolf spider poisons you! The wolf spider hits you.
You die...

### ## ##### ..# #..
#####...# ..#
#..###.......### ..##
#...#......##..# ...#
##..#...s.....# ..##
#.........@s..#
...####.........#s.○#
...##P.......#.###s.###
....#........###
##...#####
...###......##
##......# ..###......##
#......# ..###....#.#
#.......# P##.....#.##
...###### .......####
...##


You could see 2 wolf spiders and 2 jumping spiders.

Vanquished Creatures
  A cyclops (D:10)
  A black mamba (Lair:2)
  Maurice (D:8)
  3 komodo dragons
  2 spiny frogs (Lair:2)
  A troll (D:9)
  4 polar bears (Lair:1)
  A hornet (D:10)
  2 hippogriffs (D:7)
  4 yaks
  A vampire (D:10)
  A wyvern (Lair:1)
  A basilisk (Lair:2)
  A human (D:9)
  4 hogs (D:9)
  Duvessa (D:5)
  A soldier ant (D:10)
  9 porcupines
  2 water moccasins
  4 ice beasts
  8 black bears
  A sky beast (D:5)
  8 orc warriors
  A phantom (D:8)
  4 centaurs
  5 ogres
  4 crocodiles
  7 bullfrogs
  A wyvern zombie (D:7)
  A water moccasin zombie (D:10)
  Dowan (D:5)
  3 scorpions
  4 wights
  3 killer bees (D:9)
  3 howler monkeys
  An electric eel (D:10)
  3 crimson imps
  A jelly (D:9)
  5 hounds
  A quasit (D:10)
  5 orc priests
  8 orc wizards
  A bullfrog skeleton (D:5)
  Terence (D:2)
  2 iguanas (D:6)
  8 worker ants
  A hound zombie (D:8)
  A worker ant zombie (D:8)
  4 gnolls (Bailey)
  13 adders
  A howler monkey skeleton (D:6)
  5 shadow imps
  3 adder zombies
  3 worms
  4 dart slugs
  2 leopard geckos (D:1)
  53 orcs
  13 bats
  6 giant cockroaches
  12 goblins
  13 hobgoblins
  9 jackals
  23 kobolds
  4 quokkas
  2 ball pythons
  6 frilled lizards
  A jackal skeleton (D:8)
  10 rats
324 creatures vanquished.

Vanquished Creatures (others)
  5 fungi (D:9)
  A plant (D:9)
6 creatures vanquished.

Grand Total: 330 creatures vanquished

Notes
Turn   | Place    | Note
-------+----------+-------------------------------------------
     0 | D:1      | AlterAsc the Vine Stalker Transmuter began the quest for
                  | the Orb.
     0 | D:1      | Reached XP level 1. HP: 9/9 MP: 4/4
    83 | D:1      | Reached skill level 1 in Fighting
   133 | D:1      | Reached XP level 2. HP: 11/14 MP: 4/6
   731 | D:1      | Reached XP level 3. HP: 16/18 MP: 7/7
  1527 | D:2      | Gained mutation: Your natural rate of healing is unusually
                  | fast. [Vine Stalker growth]
  1527 | D:2      | Reached XP level 4. HP: 18/22 MP: 8/8
  1550 | D:2      | Noticed Terence
  1605 | D:2      | Learned a level 2 spell: Sticks to Snakes
  1621 | D:2      | Killed Terence
  1787 | D:2      | Found an opulent altar of Gozag.
  2203 | D:3      | Reached skill level 4 in Unarmed Combat
  2203 | D:3      | Reached XP level 5. HP: 23/26 MP: 10/10
  2565 | D:3      | Found a stormy altar of Qazlal.
  2624 | D:3      | Found a shimmering blue altar of Sif Muna.
  2643 | D:3      | Became a worshipper of Sif Muna the Loreminder
  3012 | D:3      | Learned a level 5 spell: Blade Hands
  3015 | D:3      | Learned a level 2 spell: Blink
  3147 | D:4      | Found Cedeat's Magic Scroll Shoppe.
  3229 | D:4      | Found Gumo's Armour Emporium.
  3254 | D:4      | Found Poafat's Weapon Boutique.
  3262 | D:4      | Reached XP level 6. HP: 25/30 MP: 11/11
  3371 | D:4      | Found Jech's Food Shoppe.
  3433 | D:5      | Entered Level 5 of the Dungeon
  3746 | D:5      | Found a runed translucent gate.
  3746 | D:5      | Found a runed translucent gate.
  3746 | D:5      | Found a runed translucent gate.
  3746 | D:5      | Noticed Froggeryz's ghost (novice GrMo)
  3783 | D:5      | Found a bloodstained altar of Trog.
  3869 | D:5      | Noticed a sky beast
  3900 | D:5      | Killed a sky beast
  3900 | D:5      | Reached skill level 5 in Unarmed Combat
  3900 | D:5      | Reached XP level 7. HP: 16/35 MP: 9/13
  3971 | D:5      | Noticed Duvessa
  4018 | D:5      | Found Taolah's Elemental Accessories.
  4183 | D:6      | Found a runed translucent door.
  4218 | D:6      | Reached skill level 5 in Transmutations
  4322 | D:6      | Reached * piety under Sif Muna
  4424 | D:6      | Found a staircase to the Ecumenical Temple.
  4486 | D:5      | Gained mutation: You have razor-sharp teeth. [Vine Stalker
                  | growth]
  4486 | D:5      | Reached XP level 8. HP: 36/40 MP: 15/15
  4510 | D:5      | Reached skill level 6 in Unarmed Combat
  4703 | D:6      | Noticed Peloso's ghost (novice MiFi)
  4736 | D:6      | Found a radiant altar of Vehumet.
  4911 | D:5      | Noticed Dowan
  5168 | D:7      | Noticed a hippogriff
  5190 | D:7      | Killed a hippogriff
  5359 | D:7      | Noticed a hippogriff
  5375 | D:7      | Killed a hippogriff
  5375 | D:7      | Reached skill level 7 in Unarmed Combat
  5375 | D:7      | Reached XP level 9. HP: 20/45 MP: 10/17
  5419 | D:7      | Found a basalt altar of Yredelemnul.
  5422 | D:7      | Noticed a profane servitor
  5431 | D:7      | Found a glowing golden altar of the Shining One.
  5505 | D:7      | Reached skill level 5 in Spellcasting
  5769 | D:7      | Reached ** piety under Sif Muna
  5924 | D:5      | Killed Duvessa
  5939 | D:5      | Killed Dowan
  6016 | D:5      | Found a hazy altar of Hepliaklqana.
  6523 | D:8      | Found a shimmering altar of Xom.
  6523 | D:8      | Found a shimmering altar of Xom.
  6523 | D:8      | Found a shimmering altar of Xom.
  6523 | D:8      | Found a shimmering altar of Xom.
  6523 | D:8      | Found a shimmering altar of Xom.
  6524 | D:8      | Found a shimmering altar of Xom.
  6524 | D:8      | Found a shimmering altar of Xom.
  6524 | D:8      | Found a shimmering altar of Xom.
  6525 | D:8      | Found a shimmering altar of Xom.
  6626 | D:8      | Reached skill level 8 in Unarmed Combat
  6795 | D:8      | Noticed Maurice
  7169 | D:8      | Killed Maurice
  7169 | D:8      | Reached *** piety under Sif Muna
  7169 | D:8      | Reached skill level 5 in Fighting
  7169 | D:8      | Reached XP level 10. HP: 51/51 MP: 20/20
  7199 | D:9      | Noticed a two-headed ogre
  7408 | D:9      | Reached skill level 9 in Unarmed Combat
  7588 | D:9      | Found Xitaec's Weapon Shoppe.
  7784 | D:9      | Found a staircase to the Lair.
  7821 | D:9      | Found a staircase to the Orcish Mines.
  8023 | D:10     | Entered Level 10 of the Dungeon
  8052 | D:10     | Reached skill level 10 in Unarmed Combat
  8065 | D:9      | Reached **** piety under Sif Muna
  8175 | D:10     | Reached XP level 11. HP: 55/57 MP: 22/22
  8214 | D:10     | Noticed a cyclops
  8226 | D:10     | Killed a cyclops
  8226 | D:10     | Reached skill level 1 in Armour
  8559 | D:10     | Found a flagged portal.
  8566 | Bailey   | Entered a bailey
  8689 | Bailey   | Reached ***** piety under Sif Muna
  8724 | Bailey   | Learned a level 4 spell: Ice Form
  8757 | Bailey   | Received a gift from Sif Muna
  8943 | D:11     | Noticed Urug
  8989 | D:11     | Found a gate leading to a gauntlet.
  8989 | D:11     | Noticed a green ugly thing
  9037 | Lair:1   | Entered Level 1 of the Lair of Beasts
  9041 | Lair:1   | Reached skill level 11 in Unarmed Combat
  9079 | Lair:1   | Noticed an eight-headed hydra
  9157 | Lair:1   | Reached skill level 1 in Evocations
  9560 | Lair:2   | Got a warped hunting sling
  9712 | Lair:2   | Noticed an oklob plant
  9984 | Lair:3   | Noticed a wolf spider
  9986 | Lair:3   | Noticed a wolf spider
  9995 | Lair:3   | HP: 2/58 [wolf spider (1)]
  9995 | Lair:3   | Slain by a wolf spider

Levels and vault maps discovered:
D:1:      roderic_chinese_lattice_arrival, layout_basic,
          minmay_misc_feat_enclosed, st_stairs_11
D:2:      layout_loops_ring, nicolae_gozag_cash_rules_everything_around_me,
          serial_forest, infiniplex_forest_lined_3,
          infiniplex_forest_lined_room_3, infiniplex_forest_lined_corner,
          infiniplex_forest_clump_long, infiniplex_forest_join,
          infiniplex_forest_lined_3, infiniplex_forest_lined_room_,
          first_ration, grunt_ministairs_9, minmay_misc_feat_five,
          minmay_heptomino_h4, uniq_terence
D:3:      layout_basic, lemuel_crystal_altar, nicolae_qazlal_eye_of_the_storm
D:4:      layout_rooms, serial_shops, shop, shop, shop, shop
D:5:      layout_basic, kennysheep_mini_moat, nicolae_overflow_crystal_walls,
          ebering_ghost_rock_garden, nicolae_elemental_shop, uniq_duvessa
D:6:      layout_gridville, lemuel_crystal_altar,
          minmay_temple_entry_large_hall, ebering_ghost_sewer_d
D:7:      layout_basic, grunt_temple_overflow_holy_war
D:8:      layout_basic, xom_shifter_show, uniq_maurice
D:9:      layout_cave_pools, due_lair_maze_entry_diamond, orc_david_3,
          grunt_livestock
D:10:     layout_cave_pools, enter_bailey_3, serial_column_ruins,
          column_ruins_square_small, column_ruins_grid_1,
          column_ruins_open_small, column_ruins_columns_corner,
          column_ruins_grid_4, column_ruins_open_tiny, column_ruins_grid_1,
          corexii_hall_statues_l, lightli_minifort
D:11:     layout_roguey, gauntlet_entry_generic, uniq_urug
Lair:1:   beast_lair_carwin_large_3, layout_cave_shapes, fungi_pond_lemuel,
          grunt_forest_stairs_basic
Lair:2:   layout_misc_corridors, minmay_swamp_entry_eels, grunt_megastairs_5,
          minmay_lair_oklob_chamber, lemuel_fruit_fields
Lair:3:   layout_cave_pods, spider_nest_entry_funnel_web, uniq_fannar

Skill      XL: |  1  2  3  4  5  6  7  8  9 10 11 |
---------------+----------------------------------+-----
Fighting       | 1 2 3 4 5 6 7 |  7.4
Transmutations | 3 4 5 6 8 9 |  9.0
Unarmed Combat | 4 5 7 8 10 11 | 11.7
Spellcasting   | 3 4 6 7 |  7.0
Armour         | 3 |  3.1
Dodging        | 3 |  3.0
Evocations     | 2 |  2.4

Action                   |  1- 3 |  4- 6 |  7- 9 | 10-12 || total
-------------------------+-------+-------+-------+-------++-------
Melee: Unarmed           |   122 |   256 |   333 |   275 ||   986
       Bite              |    28 |    63 |    81 |    54 ||   226
       Kick              |     9 |    38 |    36 |       ||    83
       Punch             |     1 |     4 |    12 |    10 ||    27
Throw: Dart              |       |       |     1 |     6 ||     7
 Cast: Beastly Appendage |    19 |    34 |    20 |       ||    73
       Sticks to Snakes  |       |     1 |     4 |       ||     5
       Blade Hands       |       |       |    14 |    46 ||    60
       Ice Form          |       |       |       |     2 ||     2
 Abil: End Transformatio |       |       |       |     3 ||     3
  Use: Scroll            |       |       |     8 |     5 ||    13
 Stab: Sleeping          |       |     2 |     3 |       ||     5
  Eat: Chunk             |    19 |     9 |    17 |    23 ||    68
Armor: Robe              |     4 |       |    11 |    32 ||    47
       Ring mail         |    43 |   101 |    40 |       ||   184
       Leather armour    |       |       |    37 |    90 ||   127
Dodge: Dodged            |    73 |   147 |   203 |   249 ||   672
